Cogmind - Beta 15 @@@ ROGUE MODE // 2025.08.08 @ 23:24:04 Player: surprisinglarge Result: Destroyed by G-50 Soldier with Heavy Laser Performance ------------- Evolutions (2) 1000 Regions Visited (3) 600 Robots Destroyed (17) 85 Value Destroyed (496) 496 Prototype IDs (0) 0 Alien Tech Used (0) 0 Bonus (0) 0 TOTAL SCORE: 2181 Bonus ------- None Cogmind --------- Core Integrity 0/550 Matter 204/300 Energy 100/100 System Corruption 0% Temperature Cool (9) Movement Core (200) Ox3 Location -8/Materials Parts ------- > --- POWER (1) -------- (None) > --- PROPULSION (4) --- (None) > --- UTILITY (4) ------ Improved Heat Sink Medium Storage Unit Power Shielding > --- WEAPON (2) ------- (None) > --- INVENTORY (10) --- Small Storage Unit Large Storage Unit Peak State ------------ > --- POWER ------------ Light Deuterium Engine > --- PROPULSION ------- Aluminum Leg Aluminum Leg Titanium Leg > --- UTILITY ---------- Small Storage Unit Improved Sensor Array Power Shielding Recalibrator > --- WEAPON ----------- Subdweller Beam Cannon High-powered Shotgun > --- INVENTORY -------- Medium Storage Unit Large Storage Unit Grenade Launcher [Rating: 22] Favorites ----------- Power Light Ion Engine Engine Light Ion Engine Propulsion Aluminum Leg Leg Aluminum Leg Utility Power Shielding Device Improved Heat Sink Storage Small Storage Unit Protection Power Shielding Weapon Battle Rifle Energy Cannon Subdweller Beam Cannon Ballistic Gun Battle Rifle Launcher Grenade Launcher Build | -11 -10 -10 -8 ------- Run | Yrd Mat Sub Mat Slots Evolved 4 | . . . 4 Power . | . . . . Propulsion 2 | . . . 2 Utility 2 | . . . 2 Weapon . | . . . . Parts Attached 21 | 6 1 5 9 Power 3 | 1 . 1 1 Engine 3 | 1 . 1 1 Core . | . . . . Reactor . | . . . . Propulsion 5 | 2 . . 3 Treads . | . . . . Leg 5 | 2 . . 3 Wheel . | . . . . Hover . | . . . . Flight . | . . . . Utility 6 | 1 1 . 4 Device 3 | . . . 3 Storage 2 | 1 . . 1 Processor . | . . . . Hackware . | . . . . Protection 1 | . 1 . . Artifact . | . . . . Weapon 7 | 2 . 4 1 Energy Gun . | . . . . Energy Cannon 1 | . . 1 . Ballistic Gun 5 | 2 . 2 1 Ballistic Cannon . | . . . . Launcher 1 | . . 1 . Special Weapon . | . . . . Impact Weapon . | . . . . Slashing Weapon . | . . . . Piercing Weapon . | . . . . Special Melee Weapon . | . . . . Unidentified Prototypes . | . . . . Parts Lost 13 | . . 4 9 Power 2 | . . 1 1 Propulsion 5 | . . 1 4 Utility 1 | . . . 1 Weapon 5 | . . 2 3 Highest Loss Streak 7 | . . 4 7 To Critical Strikes . | . . . . Average Backups 2 | . 2 2 3 Power . | . . . . Propulsion . | . . . . Utility 1 | . 1 2 2 Weapon . | . . . 1 Tool/Special . | . . . . Unused Backups 1 | . . . 1 Power . | . . . . Propulsion . | . . . . Utility 1 | . . . 1 Weapon . | . . . . Tool/Special . | . . . . Average Slot Usage (%) 82 | . 93 85 73 Engine 11 | . 14 13 8 Leg 19 | . 28 15 18 Device 4 | . . . 12 Storage 12 | . 14 14 9 Protection 10 | . 8 14 9 Energy Cannon 4 | . . 2 7 Ballistic Gun 17 | . 28 21 8 Launcher 1 | . . 3 . Peak Build Rating 22 | 6 7 8 22 Average Rating 10 | 4 6 7 16 On Entrance 5 | . 6 7 8 Naked Turns . | . . . . Heaviest Build 29 | 13 14 19 29 Greatest Support 37 | 20 20 20 37 Greatest Overweight (x) 3 | . . 1 3 Average Overweight (x) . | . . . . Largest Inventory Capacity 10 | 8 8 8 10 Average Capacity 8 | 7 8 8 8 Most Carried 5 | 5 4 4 5 Average Carried 2 | 1 2 2 3 Final Capacity 10 | 8 8 8 10 Final Carried 4 | . 4 3 2 Class Distribution -------------------- 84% | Mutant 15% | Scavenger-Mutant Dominant Class ---------------- Mutant | -10/Materials Mutant | -10/Subcaves Mutant | -8/Materials Resources | -11 -10 -10 -8 ----------- Run | Yrd Mat Sub Mat Matter Collected 549 | 215 18 43 273 Remotely . | . . . . Salvage Created 491 | . 73 88 330 Parts 31 | . 9 6 16 Haulers Intercepted . | . . . . Recyclers Shooed . | . . . . Parts Field Recycled . | . . . . Retrieved Matter . | . . . . Parts Self-Destructed . | . . . . Prevented . | . . . . Kills | -11 -10 -10 -8 ------- Run | Yrd Mat Sub Mat Combat Hostiles Destroyed 14 | . 5 3 6 Guns 10 | . 5 1 4 Cannons 2 | . . 1 1 AOE 2 | . . 1 1 Classes Destroyed 6 | . 1 1 4 Builder 2 | . . . 2 Watcher 1 | . . . 1 Swarmer 5 | . 5 . . Grunt 4 | . . . 4 Sentry 2 | . . . 2 Subdweller 3 | . . 3 . Best Kill Streak 3 | . 3 2 3 Combat Bots Only 3 | . 3 2 2 Max Kills in Single Turn 1 | . 1 1 1 Gunslinging . | . . . . Exploded 1 | . . 1 1 Melee . | . . . . Uniques/NPCs Destroyed . | . . . . Combat | -11 -10 -10 -8 -------- Run | Yrd Mat Sub Mat Hostile Shots Fired 185 | . 30 24 131 Missed 58 | . 10 9 39 Hits 127 | . 20 15 92 Projectile 127 | . 20 15 92 Critical Strikes 4 | . . 1 3 Damage Taken 2014 | . 160 470 1384 Core 714 | . 24 133 557 Absorbed by Shields . | . . . . Redirected to Shielding 35 | . 7 15 13 Core Remaining (%) 68 | 100 . 37 . Volleys Fired 64 | . 13 13 38 Largest 2 | . 2 2 2 Hottest 105 | . 40 105 105 Shots Fired 111 | . 26 22 63 Gun 76 | . 26 16 34 Cannon 26 | . . 2 24 Launcher 9 | . . 4 5 Special . | . . . . Kinetic 76 | . 26 16 34 Thermal 26 | . . 2 24 Explosive 9 | . . 4 5 Electromagnetic . | . . . . Robot Hit Streak 8 | . 2 6 8 Robot Miss Streak 6 | . 6 3 4 Penetration Max . | . . . . Secondary Targets 3 | . 2 1 . Max Gunslinging Chain 1 | . 1 1 . Shots Hit Robots 57 | . 7 11 39 Core Hits 31 | . 5 5 21 Critical Kills . | . . . . Critical Parts Destroyed . | . . . . Critical Strikes . | . . . . Melee Attacks . | . . . . Impact . | . . . . Slashing . | . . . . Piercing . | . . . . Sneak Attacks . | . . . . Combat Hostiles . | . . . . Follow-up Attacks . | . . . . Damage Inflicted 1365 | . 85 288 992 Guns 523 | . 81 75 367 Cannons 562 | . . 55 507 Explosions 272 | . . 158 114 Melee . | . . . . Ramming 8 | . 4 . 4 Kinetic 523 | . 81 75 367 Thermal 562 | . . 55 507 Explosive 272 | . . 158 114 Electromagnetic . | . . . . Impact . | . . . . Slashing . | . . . . Piercing . | . . . . Highest Corruption . | . . . . Average Corruption . | . . . . Corruption Purged . | . . . . Corruption Blocked . | . . . . Overload Shots . | . . . . Overflow Damage 30 | . . . 30 Projectiles 30 | . . . 30 Explosions . | . . . . Melee . | . . . . Knockbacks . | . . . . Impact . | . . . . Kinetic . | . . . . Secondary . | . . . . Self-Inflicted Damage 58 | . . 37 21 Shots 4 | . . 3 1 Rammed . | . . . . Targets Rammed 3 | . 1 . 2 Kicked 3 | . 1 . 2 Crushed . | . . . . Highest Temperature 513 | . . 219 513 Average Temperature 217 | . . 88 240 Received Heat Transfer 994 | . . 355 639 Effects 9 | . . . 9 Shutdowns 3 | . . . 3 Interference 4 | . . . 4 Damage (minor) 1 | . . . 1 Damage (major) 1 | . . . 1 Siege Activations . | . . . . Martial Activations . | . . . . Shielding Activations . | . . . . Robots Disrupted . | . . . . Combat Hostiles . | . . . . Robots Corrupted . | . . . . Combat Hostiles . | . . . . Parts Fried . | . . . . Impact Corruptions . | . . . . Robots Melted . | . . . . Combat Hostiles . | . . . . Parts Melted . | . . . . Heat Transferred 740 | . . 74 666 Parts Sabotaged . | . . . . Parts Stolen . | . . . . Parts Stripped . | . . . . Power Chain Reactions . | . . . . Alert | -11 -10 -10 -8 ------- Run | Yrd Mat Sub Mat Maximum Alert Level . | . . . . Low Security (%) 100 | 100 100 . 100 Level 1 . | . . . . Level 2 . | . . . . Level 3 . | . . . . Level 4 . | . . . . Level 5 . | . . . . High Security . | . . . . Max Security . | . . . . Peak Influence 90 | . 90 . 67 Initial . | . . . . Average 18 | . 27 . 14 Influence Increases 337 | . 120 . 217 Destroy 0b10 Robot/C 220 | . 100 . 120 Destroy 0b10 Robot/NC 15 | . . . 15 Destroy Leader 52 | . 20 . 32 Disable Machine 15 | . . . 15 Destroy Structure 35 | . . . 35 Influence Decreases 336 | . 70 50 216 Entered New Map 25 | . . 25 . Time Decay 216 | . 70 20 126 Lost Part 95 | . . 5 90 Squads Dispatched 1 | . . . 1 Investigation . | . . . . Extermination . | . . . . Reinforcement 1 | . . . 1 Assault . | . . . . Garrison . | . . . . Intercept . | . . . . Searches Triggered . | . . . . Construction Impeded . | . . . . Haulers Reinforced . | . . . . Active Scanning Responses . | . . . . Cargo Convoy Interrupts . | . . . . Stealth | -11 -10 -10 -8 --------- Run | Yrd Mat Sub Mat Distress Signals 2 | . 1 . 1 Communications Jammed . | . . . . Distress Signals . | . . . . Times Spotted 27 | . 8 3 16 Peak Tracking Total 6 | . 5 2 6 Tactical Retreats . | . . . . Traps | -11 -10 -10 -8 ------- Run | Yrd Mat Sub Mat Traps Triggered 1 | . . 1 . Indirectly . | . . . . Trap Hack Attempts . | . . . . Triggered . | . . . . Disarmed . | . . . . Reprogrammed . | . . . . Reused . | . . . . Traps Extracted . | . . . . Installed . | . . . . Triggered . | . . . . Machines | -11 -10 -10 -8 ---------- Run | Yrd Mat Sub Mat Machines Disabled 1 | . . . 1 Max in Single Turn 1 | . . . 1 Machines Repaired . | . . . . Machines Dismantled . | . . . . Machines Sabotaged . | . . . . Overloaded Fab Kills . | . . . . Hacking | -11 -10 -10 -8 --------- Run | Yrd Mat Sub Mat Machines Accessed 1 | . . . 1 Terminals 1 | . . . 1 Fabricators . | . . . . Repair Stations . | . . . . Recycling Units . | . . . . Scanalyzers . | . . . . Garrison Access . | . . . . Total Hacks 1 | . . . 1 Successful . | . . . . Failed 1 | . . . 1 Catastrophic 1 | . . . 1 Database Lockouts . | . . . . Manual 1 | . . . 1 Terminals 1 | . . . 1 Fabricators . | . . . . Repair Stations . | . . . . Recycling Units . | . . . . Scanalyzers . | . . . . Garrison Access . | . . . . Terminal Hacks . | . . . . Fabricator Hacks . | . . . . Repair Station Hacks . | . . . . Recycling Unit Hacks . | . . . . Scanalyzer . | . . . . Garrison Access Hacks . | . . . . Unauthorized Hacks . | . . . . Terminals . | . . . . Fabricators . | . . . . Repair Stations . | . . . . Recycling Units . | . . . . Scanalyzers . | . . . . Garrison Access . | . . . . Data Cores Recovered . | . . . . Used . | . . . . Hacking Detections 1 | . . . 1 Full Trace Events . | . . . . Feedback Events . | . . . . Feedback Blocked . | . . . . Robot Schematics Acquired . | . . . . Robots Built . | . . . . Authchips . | . . . . Time . | . . . . Total Robot Build Rating . | . . . . Part Schematics Acquired . | . . . . Parts Built . | . . . . Authchips . | . . . . Time . | . . . . Total Part Build Rating . | . . . . Parts Repaired . | . . . . Time . | . . . . Parts Recycled . | . . . . Recycled Matter . | . . . . Retrieved Matter . | . . . . Retrieved Components . | . . . . Parts Scanalyzed . | . . . . Part Schematics Acquired . | . . . . Parts Damaged . | . . . . Bothacking | -11 -10 -10 -8 ------------ Run | Yrd Mat Sub Mat Used RIF Installer . | . . . . Robots Hacked . | . . . . Non-combat . | . . . . Combat . | . . . . Robot Hacks Applied . | . . . . Relay Couplers Released . | . . . . Fabnet Peak Effective % . | . . . . Robots Rewired . | . . . . Allies Hacked . | . . . . Hacks Repelled . | . . . . Allies | -11 -10 -10 -8 -------- Run | Yrd Mat Sub Mat Total Allies . | . . . . Largest Group . | . . . . Highest-Rated Group . | . . . . Highest-Rated Ally . | . . . . Total Orders . | . . . . Ally Attacks . | . . . . Total Damage . | . . . . Kills . | . . . . Allies Corrupted . | . . . . Allies Melted . | . . . . Intel | -11 -10 -10 -8 ------- Run | Yrd Mat Sub Mat Active Infowar (turns) 216 | . . . 216 Sensors 216 | . . . 216 Robot Analysis Total . | . . . . Derelict Logs Recovered 1 | . . 1 . Drone Launches . | . . . . Drone Recoveries . | . . . . Exploration | -11 -10 -10 -8 ------------- Run | Yrd Mat Sub Mat Turns Passed 1374 | 49 282 551 492 Spaces Moved 767 | 41 199 279 248 Core 28 | 16 . . 12 Treads . | . . . . Legs 739 | 25 199 279 236 Wheels . | . . . . Hover . | . . . . Flight . | . . . . Fastest Speed 50 | 50 120 120 123 Average Speed 150 | 92 120 182 148 Slowest Speed 260 | 120 120 190 260 Overloaded Moves . | . . . . Propulsion Burnouts . | . . . . Robots Hopped . | . . . . Potential Cave-ins . | . . . . Cave-ins Triggered . | . . . . Exploration Rate (%) 23 | 4 31 33 27 Regions Visited 3 Branch Regions 1 Pre-discovered Areas 1 | . . 1 . Known Exits Taken . | . . . . Unknown Exits Taken 3 | 1 1 1 . Scrap Searched 1 | . . 1 . Spaces Dug . | . . . . Terrain Destroyed 54 | . . 17 37 Melee . | . . . . Projectile 4 | . . . 4 AOE 50 | . . 17 33 Terrain Rammed . | . . . . Walls Destroyed . | . . . . Machines Disabled . | . . . . Actions | -11 -10 -10 -8 --------- Run | Yrd Mat Sub Mat Total 878 | 51 218 300 309 Wait . | . . . . Move 764 | 40 198 278 248 Hop . | . . . . Pick Up 21 | 5 5 3 8 Fast Attach 1 | 1 . . . Attach 18 | 5 1 4 8 Detach . | . . . . Swap 3 | . . 1 2 Drop 4 | . . 1 3 Fire 64 | . 13 13 38 Melee . | . . . . Ram . | . . . . Kick 3 | . 1 . 2 Crush . | . . . . Escape Stasis . | . . . . Rewire . | . . . . Trap . | . . . . Miscellaneous . | . . . . Route ------- -11/Scrapyard -10/Materials -10/Subcaves -8/Materials (discovered 2 exits: [*Sto x2]) History --------- Turn | Location | Event 13 | -11/Scrapyard | Discovered new exit (range 16) 50 | -11/Scrapyard | Entered Materials 300 | -10/Materials | Build established: Mutant 324 | -10/Materials | Discovered new exit (range 5) 332 | -10/Materials | Entered Subcaves 390 | -10/Subcaves | Core integrity fell below 50% 418 | -10/Subcaves | Lost 4 parts (1p1n2w) 537 | -10/Subcaves | Visited 4L-MR0's lab 837 | -10/Subcaves | Learned location of Zion (-6) 852 | -10/Subcaves | Discovered new exit (range 15) 883 | -10/Subcaves | Entered Materials 883 | -8/Materials | Evolved 4 slots: Propulsion x2, Utility x2 887 | -8/Materials | Discovered new exit (range 11) 1321 | -8/Materials | Core integrity fell below 50% 1350 | -8/Materials | Core integrity fell below 20% 1362 | -8/Materials | Discovered new exit (range 7) 1375 | -8/Materials | Destroyed by G-50 Soldier with Heavy Laser Last Messages --------------- W-25 Informer destroyed. Lgt. Deuterium Engine destroyed. Grenade Launcher destroyed. R-06 Scavenger collects Visual Processing Unit. Recalibrator destroyed. Kicked G-47 Trooper out of the way. U-05 Engineer builds a Wall. U-05 Engineer lays Concrete. The unstable cave ceiling collapses. Aluminum Leg destroyed. G-47 Trooper destroyed. Hpw. Shotgun destroyed. Titanium Leg destroyed. Aluminum Leg destroyed. R-06 Scavenger collects Imp. Heat Sink. U-05 Engineer builds a Door. U-05 Engineer lays Concrete. U-05 Engineer builds a Wall. EXIT=FOUND U-05 Engineer lays Concrete. Map ----- +----------------------------------------------------+ | ?????????????????????????????????????? | | ?????????????????????????????????????? | | ?????????????????????????????????????? | | ?????????????????????????????????????? | | ?????????????????????????????????????? | | ?????????????????????????????????????? | | ?????????????????????????????????????? | | ?????????????????????????????????????? | | ?????????????????????????????????????? | | ????????"""??????????????????????????? | | ????????"""??????????????????????????? | | ???????? ??????#???????????????????? | | ????????#/#????? #???????????????????? | | ???????? #????? #???????????????????? | | ??????### ###??? #???????????????????? | | ??????# # ###### #???????????????????? | | ??????# +####????????????????? | | ??????# # #????????????????? | | +###### "" #????????????????? | | % "" #????????????????? | | """ #????????????????? | | """ "" # #% """ !#????????????????? | | """ " % / """ #??#######???????? | | """ """ # %"" #??# #???????? | | # # %%%"" #### #???????? | | ######### ## % Ysg @< +???????? | | ##### ######+####### #???????? | | g #???????? | | ##?#### ##???????? | | #?????# #????????? | | ###############?????# #????????? | | ##???????????????????# #????????? | | #????????????????????# #????????? | | #????????????????????# #????????? | | ###########??????????? #????????? | | # #??????????? ????????? | | # #??????????? ????????? | | # """ """ #??????????? ???????? | | # """ """ #??????????? ##???????? | | + """ """ #??????????? #????????? | | # #??????????? ?????????? | | ##+# #???????????????????????? | | # #???????????????????????? | | ###########???????????????????????? | | #?????????????????????????????????? | | #?????????????????????????????????? | | #?????????????????????????????????? | | #?????????????????????????????????? | | #?????????????????????????????????? | | #?????????????????????????????????? | +----------------------------------------------------+ Best States ------------- Heat Dissipation 45 Energy Generation 14 Energy Capacity 250 Matter Stores 300 Matter Capacity 300 Sight Range 16 Robot Scan Range 15 Terrain Scan Density 10 Power Shielding 33 Evasion (%) 55 Item Schematics ----------------- None Robot Schematics ------------------ None Fabricated ------------ Nothing Repaired ---------- Nothing Alien Tech Used ----------------- None Achievements -------------- None Challenges ------------ None Game ------ Seed SlugImprovedTorch Manual? 0 Play Time 00:15:06 Cumulative 9.4 hours Start 2025.08.08 @ 22:59:51 End 2025.08.08 @ 23:24:04 Sessions 1 Manual Loads 0 Difficulty Rogue Special Mode None Game No. 27 Rogue 26 Adventurer 0 Explorer 1 Win Type - Total 0 Types 0/0/0/0/0/0/0/0/0/0 Lore% 7 Gallery% 14 Achievement% 13 Wizard Run 0 Options --------- Layout 1 ASCII 0 Keyboard 0 Movement Mouse Keybinds 0 Fullscreen 1 Font 24/Smallcaps Map View 50x35 Zoom Use 0% Tactical HUD 0 Map Filters NONE Filters NONE Steam 1 RUN: 5624bc66-60a5-478f-9fa7-183f237c2417